 Dungeon Crawl Stone Soup version 0.31-a0-325-g067879e3d3 (webtiles) character file.

Game seed: 3853745253240060592

1470 Dittersdorf the Covered (level 8, -3/52 HPs)
             Began as a Gargoyle Fighter on July 18, 2023.
             Slain by a troll (5 damage)
             ... on level 6 of the Dungeon.
             The game lasted 00:08:23 (4971 turns).

Dittersdorf the Covered (Gargoyle Fighter)          Turns: 4971, Time: 00:08:24

Health: -3/52      AC: 18    Str: 28    XL:     8   Next: 78%
Magic:  8/8        EV: 13    Int:  9    God:
Gold:   265        SH:  6    Dex:  9    Spells: 5/7 levels left

rFire   . . .        a - +1 flail
rCold   . . .        c - +1 buckler
rNeg    + . .        h - +0 chain mail
rPois   ∞            o - +0 helmet
rElec   +            q - +0 cloak
rCorr   .            (no gloves)
SInv    .            (no boots)
Will    .....        (no amulet) Stlth
                     e - +6 ring of strength
HPRegen 0.28/turn    f - +5 ring of evasion
MPRegen 0.11/turn

%: no passive effects
@: no status effects
A: sickness immunity, AC +5, negative energy resistance 1, electricity
resistance, torment resistance 1, petrification resistance
a: no special abilities


You were on level 6 of the Dungeon.
You visited 1 branch of the dungeon, and saw 6 of its levels.

You collected 315 gold pieces.
You spent 50 gold pieces at shops.

Inventory:

Hand Weapons
 a - a +1 flail (weapon)
Missiles
 k - a throwing net
 r - 13 poisoned darts (quivered)
Armour
 c - a +1 buckler (worn)
 h - a +0 chain mail (worn)
 o - a +0 helmet (worn)
 q - a +0 cloak (worn)
Jewellery
 e - a +6 ring of strength (left hand)
 f - a +5 ring of evasion (right hand)
Talismans
 i - a granite talisman
Wands
 j - a wand of flame (5)
 t - a wand of digging (3)
Scrolls
 m - a scroll of enchant weapon
 p - a scroll of blinking
 s - a scroll of fear
Potions
 b - 2 potions of curing
 d - a potion of might
 g - a potion of berserk rage {unknown}
 l - 2 potions of heal wounds
 n - a potion of haste
 u - a potion of enlightenment


   Skills:
 + Level 6.6 Fighting
 + Level 5.6 Maces & Flails
 + Level 6.6 Armour
 + Level 6.6 Shields


You had 5 spell levels left.
You knew the following spells:

 Your Spells              Type           Power      Damage    Failure   Level
a - Passwall              Tmut/Erth      0%         N/A       96%         2

Your spell library contained the following spells:

 Spells                   Type           Power      Damage    Failure   Level
 Sandblast                Erth           0%         2d4       88%         1
 Call Canine Familiar     Summ           0%         N/A       99%         3
 Ignite Poison            Fire/Tmut/Pois 0%         N/A       99%         3
 Portal Projectile        Hex/Tloc       0%         N/A       99%         3
 Stone Arrow              Conj/Erth      0%         3d7       99%         3
 Leda's Liquefaction      Hex/Erth       0%         N/A       100%        4
 Freezing Cloud           Conj/Ice/Air   0%         6-21      100%        5
 Cigotuvi's Dreadful Rot  Necr/Pois/Air  Unusable   N/A       N/A         2

Dungeon Overview and Level Annotations

Branches:
Dungeon (6/15)
 Temple: D:4-7

Altars:
Trog
Wu Jian
Yredelemnul
The Shining One

Shops:
D:4 !   D:5 (


Innate Abilities, Weirdness & Mutations

You are immune to sickness and miasma.
Your stone body is resilient. (AC +5)
You are immune to poison.
You resist negative energy. (rN+)
You are resistant to electric shocks. (rElec)
You are resistant to unholy torment.
You are immune to petrification.


Message History

The troll is heavily wounded.
The howler monkey zombie closely misses you.
You block the troll's attack. The troll claws you but does no damage.
You block the troll's attack.
You barely miss the troll.
The troll is heavily wounded.
The howler monkey zombie hits you but does no damage.
The ogre hits you with a +0 giant spiked club!
You block the troll's attack. The troll barely misses you. The troll claws you.
You are too injured to fight recklessly!
You are too injured to fight recklessly!
You are too injured to fight recklessly!
You are too injured to fight recklessly!
You are too injured to fight recklessly!
You are too injured to fight recklessly!
You are too injured to fight recklessly!
You are too injured to fight recklessly!
You are too injured to fight recklessly!
You are too injured to fight recklessly!
You are too injured to fight recklessly!
You are too injured to fight recklessly!
You are too injured to fight recklessly!
You are too injured to fight recklessly!
You are too injured to fight recklessly!
The troll attacks as you move away! The troll barely misses you.
The troll misses you. x2;
Found a basalt altar of Yredelemnul.
The howler monkey zombie misses you.
The howler monkey zombie attacks as you move away!
The howler monkey zombie closely misses you.
The troll bites you!
* * * LOW HITPOINT WARNING * * *
The troll misses you. The troll closely misses you.
The troll attacks as you move away! The troll barely misses you.
The troll claws you but does no damage. The troll misses you.
The troll attacks as you move away! You block the troll's attack.
The troll barely misses you. The troll claws you.
* * * LOW HITPOINT WARNING * * *
The troll attacks as you move away! The troll bites you but does no damage.
The troll claws you but does no damage. The troll claws you.
You die...

##....## #..# #..##..
###.....## #..# #..##..
..[.......# ####..####......
####......#####.......##...#..
#.....>..†...#####.........
#.......###..# #.##...##.
#.#.#...# #..# #.....###.
#.#.##..###..# #.##### #. #
#.......@..#####.# #.
####..#T##...))..# #. #.
#♣♣♣.♣###)##### #. #. ##♣♣.O.♣
#.# .. .###.##.♣O♣.♣..♣#.# ##
......♣♣Z♣♣♣♣♣.♣..#
.........=...♣..♣##
..##....♣._.♣..♣#
##..♣♣...♣♣..#


You could see a troll and an ogre.

Vanquished Creatures
  A water moccasin (D:5)
  2 sky beasts (D:6)
  A hornet zombie (D:6)
  2 ogres
  A wyvern zombie (D:6)
  A scorpion (D:6)
  A water moccasin zombie (D:6)
  2 bullfrog zombies (D:6)
  A jelly (D:6)
  A hound (D:5)
  Crazy Yiuf (D:5)
  2 orc priests (D:5)
  A gnoll bouda (D:4)
  2 iguanas (D:5)
  A sleepcap (D:6)
  Natasha (thrice) (D:2)
  4 orc wizards
  8 gnolls
  A howler monkey zombie (D:6)
  3 adders
  A shadow imp (D:4)
  2 white imps
  An ufetubus (D:6)
  3 dart slugs (D:4)
  17 orcs
  3 bats
  7 endoplasms
  4 giant cockroaches
  7 goblins
  7 hobgoblins
  5 jackals
  8 kobolds
  7 quokkas
  6 ball pythons
  6 frilled lizards
  A goblin skeleton (D:4)
  2 goblin zombies (D:4)
  2 hobgoblin zombies (D:4)
  An orc zombie (D:4)
  8 rats
137 creatures vanquished.

Notes
Turn   | Place    | Note
-------+----------+-------------------------------------------
     0 | D:1      | Dittersdorf the Gargoyle Fighter began the quest for the
                  | Orb.
     0 | D:1      | Reached XP level 1. HP: 14/14 MP: 1/1
    77 | D:1      | Reached XP level 2. HP: 18/19 MP: 2/2
   321 | D:1      | Reached XP level 3. HP: 23/23 MP: 3/3
   541 | D:2      | You fall into a shaft and drop 1 floor!
   803 | D:2      | Noticed Natasha
   812 | D:2      | Killed Natasha
   813 | D:2      | Reached XP level 4. HP: 21/29 MP: 4/4
   888 | D:2      | Noticed Natasha
   907 | D:2      | Killed Natasha
  1074 | D:2      | Noticed Natasha
  1089 | D:2      | Killed Natasha
  1090 | D:2      | Reached XP level 5. HP: 10/33 MP: 5/5
  1763 | D:3      | Identified the +0 robe "Vos Rudo" {Rampage rN++ Str-3}
  2213 | D:4      | Noticed an ogre
  2225 | D:4      | Killed an ogre
  2226 | D:4      | Reached XP level 6. HP: 34/39 MP: 6/6
  2277 | D:4      | Found Hecsurio's Distillery.
  2285 | D:4      | Bought a potion of heal wounds for 50 gold pieces
  2942 | D:4      | Found a glowing golden altar of the Shining One.
  3127 | D:5      | Entered Level 5 of the Dungeon
  3131 | D:5      | Noticed a water moccasin
  3140 | D:5      | Killed a water moccasin
  3141 | D:5      | Reached skill level 5 in Fighting
  3141 | D:5      | Reached skill level 5 in Armour
  3141 | D:5      | Reached skill level 5 in Shields
  3141 | D:5      | Reached XP level 7. HP: 35/44 MP: 7/7
  3594 | D:5      | Found Radosm's Antique Weapon Emporium.
  3613 | D:5      | Found a bloodstained altar of Trog.
  3913 | D:5      | Found an ornate altar of the Wu Jian Council.
  4056 | D:5      | Found a runed translucent door.
  4057 | D:5      | Noticed Crazy Yiuf
  4106 | D:5      | Killed Crazy Yiuf
  4271 | D:6      | Learned a level 2 spell: Passwall
  4276 | D:6      | Reached XP level 8. HP: 51/51 MP: 8/8
  4364 | D:6      | Reached skill level 5 in Maces & Flails
  4951 | D:6      | Noticed a troll
  4963 | D:6      | Found a basalt altar of Yredelemnul.
  4970 | D:6      | HP: 2/52 [troll (6)]
  4971 | D:6      | Slain by a troll

Illustrated notes

Levels and vault maps discovered:
D:1:      psy_arrival_basics, layout_rooms, minmay_pentomino_x2
D:2:      layout_basic, uniq_natasha
D:3:      layout_basic
D:4:      nicolae_cairo_tiling_large_dashed, layout_gridville,
          nicolae_tso_besieged_by_evil, serial_shops,
          nicolae_shop_industrial_runoff
D:5:      layout_loops_ring, nzn_wu_jian_council_hall,
          mainiacjoe_overflow_catwalk, serial_shops,
          nicolae_shop_just_a_little_nook, grunt_ministairs_13,
          uniq_crazy_yiuf_cottage
D:6:      layout_loops_ring, nicolae_yredelemnul_corpse_copse

Skill      XL: |  1  2  3  4  5  6  7  8 |
---------------+-------------------------+-----
Fighting       | 4 5 6 |  6.6
Armour         | 4 5 6 |  6.6
Shields        | 4 5 6 |  6.6
Maces & Flails | 3 4 5 |  5.6

Action                     |  1- 3 |  4- 6 |  7- 9 || total
---------------------------+-------+-------+-------++-------
  Melee: Flail             |   110 |   177 |   258 ||   545
  Throw: Dart              |       |     5 |     7 ||    12
    Use: Scroll            |       |    12 |     2 ||    14
 Armour: Scale mail        |    14 |       |       ||    14
         Chain mail        |    50 |   121 |   151 ||   322
  Dodge: Dodged            |    45 |    71 |   190 ||   306
  Block: Buckler           |    28 |    49 |    87 ||   164

Table legend: (Time is in decaauts)
 A = Elapsed time spent in this place.
 B = Non-inter-level travel time spent in this place.
 C = Inter-level travel time spent in this place.
 D = Time resting spent in this place.
 E = Time spent auto-exploring this place.
 F = Levels seen in this place.
 G = Mean time per level.
                   A        B        C        D        E       F      G
               +--------+--------+--------+--------+--------+-----+--------+
         Total |   5115 |   4945 |    170 |    614 |   3044 |   6 |  852.5 |
       Dungeon |   5115 |   4945 |    170 |    614 |   3044 |   6 |  852.5 |
               +--------+--------+--------+--------+--------+-----+--------+

Top non-repeatable levels by time:
     D:4: 1149 daAuts
     D:5: 1058 daAuts
     D:2: 929 daAuts
     D:6: 731 daAuts
     D:3: 682 daAuts
     D:1: 563 daAuts
